 Dungeon Crawl Stone Soup version 0.27.1-4-g1640c2035a (webtiles) character file.

Game seed: 16247012079034427319

1829 Almogavar the Geomancer (level 9, -7/45 HPs)
             Began as a Gargoyle Earth Elementalist on Nov 9, 2021.
             Was an Initiate of Sif Muna.
             Killed from afar by Maggie (20 damage)
             ... with a bolt of fire
             ... on level 7 of the Dungeon on Nov 11, 2021.
             The game lasted 00:25:41 (7188 turns).

Almogavar the Geomancer (GrEE)                      Turns: 7188, Time: 00:25:43

Health: -7/45      AC: 10    Str: 19    XL:     9   Next: 11%
Magic:  17/18      EV: 12    Int: 18    God:    Sif Muna [......]
Gold:   423        SH:  0    Dex: 10    Spells: 17/21 levels left

rFire    . . .     SeeInvis .   n - +1 mace (protect)
rCold    . . .     Faith    .   (no shield)
rNeg     + . .     Spirit   .   b - +0 robe
rPois    ∞         Reflect  .   (no helmet)
rElec    +         Harm     .   m - +0 cloak
rCorr    .         Rampage  .   (no gloves)
Will     +....                  g - +0 pair of boots
Stlth    ++........             k - amulet of magic regeneration
HPRegen  0.15/turn              f - ring of willpower
MPRegen  0.41/turn              h - +6 ring of strength

@: no status effects
A: sickness immunity, AC +6, negative energy resistance 1, electricity
resistance, torment resistance 1, petrification resistance
a: Renounce Religion


You were on level 7 of the Dungeon.
You worshipped Sif Muna.
Sif Muna was noncommittal.
You visited 2 branches of the dungeon, and saw 8 of its levels.

You collected 423 gold pieces.

Inventory:

Hand Weapons
 l - a +4 quarterstaff of chaos
 n - a +1 mace of protection (weapon)
Missiles
 c - 150 stones
 w - 2 throwing nets
Armour
 b - a +0 robe (worn)
 d - a +0 ring mail
 g - a +0 pair of boots (worn)
 j - a +0 leather armour
 m - a +0 cloak (worn)
 o - a scarf of shadows
 t - the +1 leather armour of the True Pharaoh {rPois rF+}
   (You found it on level 4 of the Dungeon)

   rF:        It protects you from fire.
   rPois:     It protects you from poison.
Magical Staves
 p - a staff of cold
Jewellery
 a - a +6 ring of strength
 f - a ring of willpower (left hand)
 h - a +6 ring of strength (right hand)
 k - an amulet of magic regeneration (around neck)
 v - a ring of fire
Scrolls
 i - 2 scrolls of teleportation
 q - a scroll of fear
 s - a scroll of vulnerability {unknown}
 u - a scroll of fog {unknown}
 y - a scroll of magic mapping {unknown}
 C - a scroll of blinking
 D - a scroll of identify
Potions
 e - 3 potions of flight
 r - a potion of brilliance
 x - a potion of degeneration {unknown}
 z - a potion of might {unknown}
 A - a potion of curing
 B - a potion of lignification {unknown}


   Skills:
 + Level 3.9 Maces & Flails
 - Level 1.8 Dodging
 + Level 3.7 Stealth
 - Level 0.3 Unarmed Combat
 + Level 6.5 Spellcasting
 + Level 5.1 Conjurations
 + Level 0.7 Transmutations
 + Level 8.0 Earth Magic


You had 17 spell levels left.
You knew the following spells:

 Your Spells              Type           Power      Damage    Failure   Level
a - Sandblast             Erth           68%        2d15      1%          1
b - Stone Arrow           Conj/Erth      58%        3d10      2%          3

Your spell library contained the following spells:

 Spells                   Type           Power      Damage    Failure   Level
 Magic Dart               Conj           96%        1d7       1%          1
 Searing Ray              Conj           48%        3d5       1%          2
 Passwall                 Tmut/Erth      17%        N/A       2%          2
 Petrify                  Tmut/Erth      21%        N/A       19%         4
 Fulminant Prism          Conj/Hex       7%         3d7       36%         4


Dungeon Overview and Level Annotations

Branches:
Dungeon (7/15)             Temple (1/1) D:6

Altars:
Cheibriados
Gozag
Hepliaklqana
Kikubaaqudgha
Sif Muna
Xom

Annotations:
D:7 Maggie


Innate Abilities, Weirdness & Mutations

You are immune to sickness and miasma.
Your stone body is resilient. (AC +6)
You are immune to poison.
You resist negative energy. (rN+)
You are resistant to electric shocks. (rElec)
You are resistant to unholy torment.
You are immune to petrification.


Message History

You kill the kobold!
Sif Muna accepts your kill.
You start resting.
A kobold brigand comes into view.
It is wielding a +0 short sword and quivering curare-tipped darts.
A kobold comes into view. It is wielding a +0 club.
Maggie gestures wildly while chanting.
Maggie attempts to bespell you! You resist with almost no effort.
Casting: Stone Arrow (dangerous; 2% risk of failure)
Confirm with . or Enter, or press ? or * to list all spells.
Aiming: Stone Arrow (dangerous; 2% risk of failure)
Press: ? - help, Shift-Dir - straight line, f - kobold
Aim: a kobold, wielding a +0 club (64% to hit)
The stone arrow misses the kobold.
Casting: Stone Arrow (dangerous; 2% risk of failure)
Confirm with . or Enter, or press ? or * to list all spells.
Aiming: Stone Arrow (dangerous; 2% risk of failure)
Press: ? - help, Shift-Dir - straight line, f/p - kobold
Aim: a kobold, wielding a +0 club (64% to hit)
The stone arrow hits the kobold!!
You kill the kobold!
Sif Muna accepts your kill.
Maggie mutters to herself, "Master Lance won't take me back.
This is the way forward."
You start resting.
Magic restored.
HP restored.
You open the door. Maggie casts a spell at you. The bolt of fire hits you!!
Ouch! That really hurt!
* * * LOW HITPOINT WARNING * * *
There is an open door here.
Casting: Stone Arrow (dangerous; 2% risk of failure)
Confirm with . or Enter, or press ? or * to list all spells.
Aiming: Sandblast (safe; 1% risk of failure)
Press: ? - help, Shift-Dir - straight line, f - Maggie
Aim: Maggie, wielding a +1 glaive of flaming and wearing +0 steam dragon scales (82% to hit)
The blast of sand misses Maggie.
Maggie casts a spell at you. The bolt of fire hits you!!
You die...

.. ... ## ... .. #.#
.#. . #.# . .#..
#.############ #.
?#.##.##.........#
#(#.#.@.##.######.##
#...@#.##.# #.#
...#...#.##.# #.# .
#...8#..#.# #.#
#+###))...# #.#
.........#########.#
................)..#
.....############..#
..... #..#


You could see Maggie.

Vanquished Creatures
  A water moccasin (D:5)
  2 orc warriors
  2 sky beasts
  4 ogres
  Blork the orc (D:6)
  A gnoll sergeant (D:4)
  A scorpion (D:4)
  A water moccasin zombie (D:6)
  A howler monkey (D:4)
  Crazy Yiuf (D:2)
  A centaur skeleton (D:5)
  3 orc priests
  5 hounds
  A bullfrog skeleton (D:5)
  2 orc wizards (D:6)
  A hound zombie (D:5)
  A howler monkey zombie (D:5)
  10 adders
  17 gnolls
  A shadow imp (D:6)
  A worm (D:2)
  11 orcs
  6 endoplasms
  3 giant cockroaches
  5 goblins
  2 hobgoblins (D:4)
  6 quokkas
  6 ball pythons
  5 bats
  2 frilled lizards
  A jackal skeleton (D:4)
  12 kobolds
  4 rats
121 creatures vanquished.

Vanquished Creatures (others)
  A human (D:5)
1 creature vanquished.

Grand Total: 122 creatures vanquished

Notes
Turn   | Place    | Note
-------+----------+-------------------------------------------
     0 | D:1      | Almogavar the Gargoyle Earth Elementalist began the quest
                  | for the Orb.
     0 | D:1      | Reached XP level 1. HP: 10/10 MP: 3/3
   223 | D:1      | Reached XP level 2. HP: 15/15 MP: 1/5
   511 | D:1      | Reached skill level 4 in Earth Magic
   962 | D:2      | Reached XP level 3. HP: 19/19 MP: 3/6
  1037 | D:2      | Learned a level 3 spell: Stone Arrow
  1120 | D:2      | Found a faded altar of an unknown god.
  1667 | D:2      | Reached XP level 4. HP: 24/24 MP: 2/8
  2010 | D:2      | Found a runed translucent door.
  2011 | D:2      | Noticed Crazy Yiuf
  2245 | D:2      | Killed Crazy Yiuf
  2246 | D:2      | Reached skill level 5 in Earth Magic
  2423 | D:3      | Reached XP level 5. HP: 28/28 MP: 0/10
  2894 | D:3      | Noticed a sky beast
  2896 | D:3      | Killed a sky beast
  2897 | D:3      | Reached skill level 1 in Conjurations
  3045 | D:4      | Reached XP level 6. HP: 32/32 MP: 2/12
  3181 | D:4      | Identified the +1 leather armour of the True Pharaoh {rPois
                  | rF+}
  3331 | D:4      | You fall into a shaft and drop 2 floors!
  3347 | D:6      | Reached skill level 1 in Maces & Flails
  3347 | D:6      | Reached skill level 6 in Earth Magic
  3549 | D:6      | Noticed Blork the orc
  3565 | D:6      | Killed Blork the orc
  3566 | D:6      | Reached XP level 7. HP: 33/36 MP: 10/13
  3623 | D:6      | HP: 1/36 [orc priest/divine providence (10)]
  3953 | D:5      | Entered Level 5 of the Dungeon
  4029 | D:5      | Found an ancient bone altar of Kikubaaqudgha.
  4163 | D:5      | Reached skill level 5 in Spellcasting
  4235 | D:5      | Reached XP level 8. HP: 41/41 MP: 1/15
  4493 | D:4      | Found an opulent altar of Gozag.
  4826 | D:4      | Reached skill level 7 in Earth Magic
  5444 | D:5      | Found a shimmering altar of Xom.
  6620 | D:6      | Reached XP level 9. HP: 45/45 MP: 11/18
  6764 | D:6      | Found a staircase to the Ecumenical Temple.
  6778 | Temple   | Entered the Ecumenical Temple
  6788 | Temple   | Became a worshipper of Sif Muna the Loreminder
  6853 | D:6      | Reached skill level 8 in Earth Magic
  6859 | D:6      | Reached skill level 5 in Conjurations
  7082 | D:7      | Found a hazy altar of Hepliaklqana.
  7125 | D:7      | Noticed Maggie
  7188 | D:7      | Killed from afar by Maggie

Illustrated notes

Levels and vault maps discovered:
D:1:      matt_arrival_refuge, layout_basic
D:2:      layout_basic, hellmonk_ecumenical_altar_blasted,
          uniq_crazy_yiuf_cottage
D:3:      layout_loops_ring
D:4:      layout_basic, mainiacjoe_overflow_chevrons, grunt_tough_drop
D:5:      layout_layer_cave, tgw_kikubaaqudgha, xom_teletrap_fun
D:6:      layout_basic, temple_pool_b, uniq_blork_the_orc
D:7:      layout_basic, nicolae_hepliaklqana_hazy_memory, minivault_1,
          uniq_maggie
Temple:   jpeg_temple_clearing

Skill      XL: |  1  2  3  4  5  6  7  8  9 |
---------------+----------------------------+-----
Earth Magic    | 4 5 6 7 8 |  8.0
Spellcasting   | 3 4 5 6 |  6.5
Conjurations   | 1 2 4 5 |  5.1
Maces & Flails | 1 2 3 |  3.9
Stealth        | 3 |  3.7
Dodging        | |  1.8
Unarmed Combat | |  0.3
Transmutations | |  0.7

Action                   |  1- 3 |  4- 6 |  7- 9 || total
-------------------------+-------+-------+-------++-------
Melee: Unarmed           |    38 |     9 |       ||    47
       Mace              |       |    41 |    89 ||   130
 Cast: Sandblast         |    36 |    16 |    23 ||    75
       Stone Arrow       |     9 |    22 |    69 ||   100
  Use: Scroll            |     2 |     1 |     4 ||     7
       Potion            |       |       |     1 ||     1
Armor: Robe              |    16 |    36 |    45 ||    97
Dodge: Dodged            |    29 |    46 |    60 ||   135
